 Dungeon Crawl Stone Soup version 0.31-a0-702-gf82c85558f (webtiles) character file.

Game seed: 16233305539214715550

65371 qw the Marksgargoyle (level 15, -7/103 HPs)
             Began as a Gargoyle Hunter on Sept 8, 2023.
             Was an Elder of Okawaru.
             Killed by divine providence
             ... invoked by a meliai
              (11 damage)
             ... on level 13 of the Dungeon.
             The game lasted 00:08:51 (15428 turns).

qw the Marksgargoyle (Gargoyle Hunter)             Turns: 15428, Time: 00:08:52

Health: -7/103     AC: 31    Str: 16    XL:     15   Next: 16%
Magic:  21/22      EV: 26    Int: 10    God:    Okawaru [****..]
Gold:   954        SH:  0    Dex: 25    Spells: 14/14 levels left

rFire   . . .        Y - +3 orcbow (flame)
rCold   . . .        (shield currently unavailable)
rNeg    + . .        t - +0 steam dragon scales
rPois   inf          i - +2 helmet {SInv}
rElec   +            (no cloak)
rCorr   .            r - +0 pair of gloves
SInv    +            h - +1 pair of boots
Will    +....        p - amulet of regeneration
Stlth   ++++         f - +4 ring of protection
HPRegen 1.17/turn    d - +6 ring of dexterity
MPRegen 0.18/turn

%: no passive effects
@: about to teleport, heroic, flying
A: sickness immunity, AC +11, big wings, negative energy resistance 1,
electricity resistance, torment resistance 1, petrification resistance
a: Renounce Religion, Heroism, Finesse


You were on level 13 of the Dungeon.
You worshipped Okawaru.
Okawaru was greatly pleased with you.
You visited 2 branches of the dungeon, and saw 18 of its levels.

You collected 1194 gold pieces.
You spent 240 gold pieces at shops.


Innate Abilities, Weirdness & Mutations

You are immune to sickness and miasma.
Your stone body is resilient. (AC +11)
You are immune to poison.
Your large and strong wings let you fly.
You resist negative energy. (rN+)
You are resistant to electric shocks. (rElec)
You are resistant to unholy torment.
You are immune to petrification.


   Skills:
 - Level 15.0(20.0) Fighting
 - Level 16.0(21.0) Ranged Weapons
 + Level 8.9(13.9) Armour
 - Level 10.0(15.0) Dodging
 - Level 1.1(6.1) Stealth
 - Level 10.0 Invocations


You had 14 spell levels left.
You didn't know any spells.
Your spell library was empty.

Inventory:

Hand Weapons
 Y - a +3 orcbow of flaming (weapon)
Armour
 h - a +1 pair of boots (worn)
 i - a +2 helmet of see invisible (worn)
 q - a +1 robe of fire resistance
 r - a +0 pair of gloves (worn)
 s - a +0 troll leather armour
 t - +0 steam dragon scales (worn)
Jewellery
 d - a +6 ring of dexterity (right hand)
 f - a +4 ring of protection (left hand)
 p - an amulet of regeneration (around neck)
Wands
 j - a wand of digging (12)
Scrolls
 a - 6 scrolls of teleportation
 l - 10 scrolls of identify
 u - a scroll of amnesia {unknown}
Potions
 b - 5 potions of heal wounds
 c - 5 potions of might
 e - a potion of resistance
 g - 9 potions of curing
 k - 3 potions of enlightenment
 m - 2 potions of haste
 n - a potion of magic
 o - a potion of cancellation

Dungeon Overview and Level Annotations

Branches:
Dungeon (13/15)            Temple (0/1) D:6            Lair (5/5) D:10
  Swamp (0/4) Lair:2       Spider (0/4) Lair:2        Slime (0/5) Lair:5
    Orc (0/2) D:9
 Vaults: D:13-14

Altars:
Cheibriados
Dithmenos
Elyvilon
Gozag
Hepliaklqana
Nemelex Xobeh
Okawaru
Qazlal
Ru
Trog
Uskayaw
Wu Jian
Xom
Yredelemnul
Zin
The Shining One

Shops:
D:3 !   D:13 *

Annotations:
D:10 2 transporters, qw's ghost, novice GrHu
D:12 exclusion: moth of wrath
Lair:4 1 runed translucent door


Message History

The meliai attacks as it pursues you! The meliai completely misses you.
The meliai closely misses you.
A two-headed ogre comes into view.
It is wielding a +1 heavy dire flail and a +0 giant spiked club.
The fire elemental completely misses you.
The meliai calls down the wrath of its god upon you.
Something smites you! The meliai completely misses you. x2
The ogre mage moves out of view.
Enter note:
Enter note:
Enter note:
15425 |||
Found retreat position at -2,1 (floor) with 0 blocking monsters and 1 monsters attacking at destination at distance 2
15425 ||| Stepping ~*~*~tactically~*~*~ (retreating).
The ogre mage shouts!
The meliai attacks as it pursues you! The meliai closely misses you.
The meliai misses you.
The meliai calls down the wrath of its god upon you.
Something smites you! The fire elemental misses you.
The meliai completely misses you. The meliai barely misses you.
Enter note:
Enter note:
Enter note:
15426 |||
Found retreat position at -1,0 (floor) with 0 blocking monsters and 2 monsters attacking at destination at distance 1
15426 ||| Stepping ~*~*~tactically~*~*~ (retreating).
The meliai hits you but does no damage. The meliai barely misses you.
Enter note:
Enter note:
Enter note: You shoot an arrow.
The arrow hits the meliai!!
The arrow burns the meliai.
You kill the meliai!
Okawaru accepts your kill.
The meliai mumbles some strange prayers to its god against you.
Something smites you!
15428 ||| READING 7 scrolls of teleportation.
As you read the scroll of teleportation, it crumbles to dust.
You feel strangely unstable.
The meliai calls down the wrath of its god upon you.
Something smites you!
The meliai mumbles some strange prayers to its god against you.
Something smites you!
You die...

.##.......##########........
.##......<#.................
.......)..#.................
..........#..:..............
.##.......#.................
.#........#.........#'#.####
..........#.######0.O.e....
..7.......'.######E0#.#.#..
..7P......#.....@yEy000O..
....P.....#'#######.#.###Oy
...P.(....#...........# ...
.#........#.........#.# ..
.##.......#.............
.##.......##......... ...
.##.......# #######......
..........# ..........#


You could see a two-headed ogre, an ogre mage, a deep elf pyromancer, 2 fire
elementals and 2 meliai.

Vanquished Creatures
  A tengu reaver (D:12)
  A stone giant (D:11)
  A dire elephant (Lair:3)
  7 hydras
  2 catoblepae
  4 boulder beetles
  A centaur warrior (D:13)
  A deep troll shaman (Lair:5)
  5 two-headed ogres
  16 death yaks
  Sonja (Lair:2)
  Nergalle (Lair:2)
  4 skysharks
  A lindwurm (Lair:5)
  An ugly thing (D:13)
  A manticore (D:12)
  2 cyclopes
  22 elephants
  4 black mambas
  3 slime creatures (D:12)
  2 torpor snails
  3 gargoyles
  5 cane toads
  2 rime drakes
  2 unseen horrors
  13 komodo dragons
  A troll (D:13)
  5 polar bears
  A meliai (D:13)
  A hornet (D:9)
  21 blink frogs
  Sigmund (D:3)
  A spriggan (Lair:3)
  4 vampires
  3 wraiths
  27 yaks
  10 wyverns
  5 basilisks
  A steam dragon (D:8)
  7 vampire mosquitoes
  13 water moccasins
  An ice beast (D:5)
  3 orc warriors
  4 black bears
  11 wolves
  6 centaurs
  2 kobold brigands
  3 scorpions
  12 bullfrogs
  A gnoll sergeant (D:8)
  10 killer bees
  9 howler monkeys
  3 electric eels
  A jelly (D:4)
  5 hounds
  4 orc priests (D:9)
  A sleepcap (D:5)
  2 iguanas
  8 orc wizards
  7 hell rats (Lair:5)
  Robin (D:3)
  12 gnolls
  11 adders
  3 white imps
  A dart slug (D:3)
  43 orcs
  9 endoplasms
  16 goblins
  7 hobgoblins
  4 jackals (D:4)
  18 kobolds
  4 quokkas
  6 ball pythons
  4 bats
  5 frilled lizards
  2 rats (D:1)
446 creatures vanquished.

Notes
Turn   | Place    | Note
-------+----------+-------------------------------------------
     0 | D:1      | qw the Gargoyle Hunter began the quest for the Orb.
     0 | D:1      | Reached XP level 1. HP: 12/12 MP: 1/1
     0 | D:1      | 0 ||| qw: Version: 0.3-a-76-g4403597
     0 | D:1      | 0 ||| qw: Game counter: 1046
     0 | D:1      | 0 ||| qw: Melee chars always use a shield: true
     0 | D:1      | 0 ||| qw: God list: Okawaru
     0 | D:1      | 0 ||| qw: Allow faded altars: false
     0 | D:1      | 0 ||| qw: Do Orc after clearing Dungeon:15 true
     0 | D:1      | 0 ||| qw: Do second Lair branch before Depths: true
     0 | D:1      | 0 ||| qw: Lair rune preference: random
     0 | D:1      | 0 ||| qw: Goals: Normal
     0 | D:1      | 0 ||| PLANNING D:1-11
   207 | D:1      | Reached XP level 2. HP: 17/17 MP: 2/2
   409 | D:1      | Found a faded altar of an unknown god.
   661 | D:1      | 661 ||| DROPPING scarf of harm.
   662 | D:1      | 662 ||| UPGRADING to ring of protection from cold.
   663 | D:1      | 663 ||| READING 2 scrolls labelled QUCHIRO HUCVAF.
   664 | D:1      | 664 ||| READING scroll labelled HENU TIOMPIH.
   665 | D:1      | 665 ||| READING scroll labelled XYCEIG UQASHOT.
   666 | D:1      | 666 ||| DROPPING scroll of blinking.
   667 | D:1      | 667 ||| DROPPING scroll of butterflies.
   798 | D:2      | Reached XP level 3. HP: 21/21 MP: 3/3
   876 | D:2      | Reached skill level 5 in Ranged Weapons
  1520 | D:2      | 1520 ||| UPGRADING to +6 ring of dexterity.
  1521 | D:2      | 1521 ||| READING 2 scrolls labelled MEESHR BUUWKAV.
  1526 | D:2      | 1526 ||| READING scroll labelled WEOVUJOPES.
  1527 | D:2      | 1527 ||| READING scroll labelled LERIRU FOYJAUT.
  1528 | D:2      | 1528 ||| READING scroll labelled HOENNEO QAMIFU.
  1529 | D:2      | 1529 ||| DRINKING 5 silvery potions.
  1550 | D:3      | Reached skill level 3 in Fighting
  1571 | D:3      | Reached XP level 4. HP: 25/28 MP: 4/4
  1595 | D:3      | 1595 ||| RETREATING.
  1598 | D:3      | 1598 ||| RETREATING.
  1619 | D:3      | Reached XP level 5. HP: 13/32 MP: 5/5
  1621 | D:3      | Reached skill level 6 in Ranged Weapons
  1835 | D:3      | Noticed Robin
  1836 | D:3      | 1836 ||| Stepping ~*~*~tactically~*~*~ (outnumbered).
  1840 | D:3      | 1840 ||| Stepping ~*~*~tactically~*~*~ (outnumbered).
  1852 | D:3      | Killed Robin
  2001 | D:3      | Found Ucviweck's Distillery.
  2016 | D:3      | 2016 ||| BUYING potion of curing (30 gold).
  2016 | D:3      | Bought a potion of curing for 30 gold pieces
  2016 | D:3      | 2016 ||| BUYING potion of heal wounds (50 gold).
  2016 | D:3      | Bought a potion of heal wounds for 50 gold pieces
  2083 | D:3      | Noticed Sigmund
  2094 | D:3      | Killed Sigmund
  2095 | D:3      | Reached XP level 6. HP: 16/40 MP: 6/6
  2308 | D:3      | 2308 ||| UPGRADING to +0 ring mail.
  2318 | D:3      | 2318 ||| DROPPING +0 leather armour.
  2319 | D:3      | 2319 ||| UPGRADING to +0 helmet.
  2324 | D:3      | 2324 ||| READING scroll labelled TOIJUNTENE.
  2325 | D:3      | 2325 ||| READING 6 scrolls of identify.
  2325 | D:3      | 2325 ||| IDENTIFYING dark potion
  2326 | D:3      | 2326 ||| READING 5 scrolls of identify.
  2326 | D:3      | 2326 ||| IDENTIFYING amethyst potion
  2327 | D:3      | 2327 ||| READING 4 scrolls of identify.
  2327 | D:3      | 2327 ||| IDENTIFYING bubbling sapphire potion
  2328 | D:3      | 2328 ||| READING 3 scrolls of identify.
  2328 | D:3      | 2328 ||| IDENTIFYING inky potion
  2329 | D:3      | 2329 ||| DROPPING potion of ambrosia.
  2330 | D:3      | 2330 ||| DROPPING potion of lignification.
  2374 | D:4      | Reached skill level 1 in Armour
  2451 | D:4      | Found a shimmering altar of Xom.
  2607 | D:4      | Found a sparkling altar of Nemelex Xobeh.
  2959 | D:4      | Reached XP level 7. HP: 44/44 MP: 7/7
  3000 | D:4      | Found a sacrificial altar of Ru.
  3021 | D:4      | 3021 ||| DRINKING 2 yellow potions.
  3022 | D:4      | 3022 ||| READING 4 scrolls of identify.
  3022 | D:4      | 3022 ||| IDENTIFYING cyan potion
  3023 | D:4      | 3023 ||| DROPPING potion of degeneration.
  3056 | D:5      | Entered Level 5 of the Dungeon
  3073 | D:5      | Reached skill level 7 in Ranged Weapons
  3124 | D:5      | 3124 ||| FLEEEEING.
  3125 | D:5      | 3125 ||| STAIRDANCE
  3189 | D:5      | 3189 ||| STAIRDANCE
  3196 | D:5      | 3196 ||| STAIRDANCE
  3597 | D:5      | Reached skill level 8 in Ranged Weapons
  3723 | D:5      | Reached XP level 8. HP: 50/50 MP: 8/8
  4014 | D:5      | 4014 ||| READING 4 scrolls of identify.
  4014 | D:5      | 4014 ||| IDENTIFYING clear potion
  4015 | D:5      | 4015 ||| DROPPING potion of attraction.
  4107 | D:6      | 4107 ||| Stepping ~*~*~tactically~*~*~ (outnumbered).
  4241 | D:6      | Found an opulent altar of Gozag.
  4317 | D:6      | Found an iron altar of Okawaru.
  4318 | D:6      | 4318 ||| PLANNING OKAWARU WORSHIP
  4318 | D:6      | 4318 ||| UPGRADING to +0 robe of willpower.
  4340 | D:6      | Reached skill level 9 in Ranged Weapons
  4340 | D:6      | Became a worshipper of Warmaster Okawaru
  4341 | D:6      | 4341 ||| PLANNING D:1-11
  4459 | D:6      | Reached skill level 3 in Dodging
  4474 | D:6      | Reached skill level 6 in Fighting
  4621 | D:6      | Found an ornate altar of the Wu Jian Council.
  4743 | D:6      | Found a staircase to the Ecumenical Temple.
  5233 | D:7      | Found a hazy altar of Hepliaklqana.
  5307 | D:7      | Reached * piety under Okawaru
  5308 | D:7      | Reached XP level 9. HP: 55/55 MP: 9/9
  5308 | D:7      | 5308 ||| INVOKING Heroism.
  5322 | D:7      | Reached skill level 10 in Ranged Weapons
  5387 | D:7      | Reached skill level 1 in Invocations
  5718 | D:7      | 5718 ||| UPGRADING to +0 pair of boots.
  5723 | D:7      | 5723 ||| UPGRADING to amulet of regeneration.
  5728 | D:7      | 5728 ||| UPGRADING to ring of see invisible.
  5730 | D:7      | 5730 ||| DROPPING ring of flight.
  5827 | D:8      | 5827 ||| Stepping ~*~*~tactically~*~*~ (retreating).
  5829 | D:8      | 5829 ||| Stepping ~*~*~tactically~*~*~ (retreating).
  5830 | D:8      | 5830 ||| Stepping ~*~*~tactically~*~*~ (retreating).
  5831 | D:8      | 5831 ||| Stepping ~*~*~tactically~*~*~ (retreating).
  5895 | D:8      | Found a bloodstained altar of Trog.
  5942 | D:8      | 5942 ||| Stepping ~*~*~tactically~*~*~ (outnumbered).
  5944 | D:8      | 5944 ||| Stepping ~*~*~tactically~*~*~ (outnumbered).
  5945 | D:8      | 5945 ||| Stepping ~*~*~tactically~*~*~ (outnumbered).
  5946 | D:8      | 5946 ||| Stepping ~*~*~tactically~*~*~ (outnumbered).
  6046 | D:8      | Reached skill level 3 in Invocations
  6047 | D:8      | 6047 ||| INVOKING Heroism.
  6050 | D:8      | 6050 ||| Stepping ~*~*~tactically~*~*~ (cloud).
  6408 | D:8      | Found a hide-covered altar of Uskayaw.
  6413 | D:8      | 6413 ||| Stepping ~*~*~tactically~*~*~ (outnumbered).
  6637 | D:8      | 6637 ||| DROPPING +0 ring mail.
  6638 | D:8      | 6638 ||| UPGRADING to +0 steam dragon scales.
  6648 | D:8      | 6648 ||| DROPPING +0 robe of willpower.
  6649 | D:8      | 6649 ||| READING scroll labelled VICZUZE QICY.
  6650 | D:8      | 6650 ||| READING scroll labelled HEJUSU URGHUD.
  6704 | D:9      | Found a stormy altar of Qazlal.
  6858 | D:9      | 6858 ||| INVOKING Heroism.
  6887 | D:9      | Found a staircase to the Orcish Mines.
  6931 | D:9      | Reached skill level 3 in Armour
  6935 | D:9      | Found a glowing silver altar of Zin.
  6935 | D:9      | Found a glowing golden altar of the Shining One.
  6935 | D:9      | Found a white marble altar of Elyvilon.
  6939 | D:9      | Noticed a hornet
  6952 | D:9      | Killed a hornet
  6981 | D:9      | Found a shadowy altar of Dithmenos.
  7065 | D:9      | 7065 ||| INVOKING Heroism.
  7078 | D:9      | 7078 ||| Stepping ~*~*~tactically~*~*~ (outnumbered).
  7081 | D:9      | 7081 ||| INVOKING Heroism.
  7256 | D:9      | 7256 ||| DROPPING +6 ring of intelligence.
  7276 | D:10     | Entered Level 10 of the Dungeon
  7284 | D:10     | 7284 ||| RETREATING.
  7315 | D:10     | 7315 ||| INVOKING Heroism.
  7320 | D:10     | Reached XP level 10. HP: 36/63 MP: 10/13
  7323 | D:10     | Reached skill level 11 in Ranged Weapons
  7329 | D:10     | Reached ** piety under Okawaru
  7346 | D:10     | 7346 ||| INVOKING Heroism.
  7375 | D:10     | 7375 ||| INVOKING Heroism.
  7401 | D:10     | Reached skill level 12 in Ranged Weapons
  7433 | D:10     | 7433 ||| INVOKING Heroism.
  7438 | D:10     | 7438 ||| Stepping ~*~*~tactically~*~*~ (retreating).
  7439 | D:10     | 7439 ||| Stepping ~*~*~tactically~*~*~ (retreating).
  7439 | D:10     | Noticed an unseen horror
  7442 | D:10     | 7442 ||| RETREATING.
  7489 | D:10     | Killed an unseen horror
  7489 | D:10     | Reached *** piety under Okawaru
  7514 | D:10     | Noticed a gargoyle
  7540 | D:10     | 7540 ||| INVOKING Heroism.
  7541 | D:10     | Killed a gargoyle
  7611 | D:10     | 7611 ||| Stepping ~*~*~tactically~*~*~ (retreating).
  7619 | D:10     | 7619 ||| Stepping ~*~*~tactically~*~*~ (retreating).
  7620 | D:10     | 7620 ||| Stepping ~*~*~tactically~*~*~ (retreating).
  7621 | D:10     | 7621 ||| Stepping ~*~*~tactically~*~*~ (retreating).
  7622 | D:10     | 7622 ||| Stepping ~*~*~tactically~*~*~ (retreating).
  7656 | D:10     | 7656 ||| INVOKING Heroism.
  7671 | D:10     | Reached skill level 13 in Ranged Weapons
  7674 | D:10     | Reached XP level 11. HP: 59/68 MP: 12/14
  7689 | D:10     | Found a snail-covered altar of Cheibriados.
  7788 | D:10     | Found a basalt altar of Yredelemnul.
  7844 | D:10     | 7844 ||| SWAPPING to +0 orcbow of flaming.
  7845 | D:10     | 7845 ||| DROPPING +1 shortbow.
  7894 | D:10     | Found a staircase to the Lair.
  7910 | D:10     | Noticed a two-headed ogre
  7913 | D:10     | Noticed a two-headed ogre
  7916 | D:10     | Noticed qw's ghost (novice GrHu)
  7917 | D:10     | Noticed a two-headed ogre
  7918 | D:10     | Found a transporter.
  7918 | D:10     | Identified the +2 giant spiked club of Buipn {chaos, rPois
                  | Will+}
  7918 | D:10     | Noticed a two-headed ogre
  7919 | D:10     | Noticed a two-headed ogre
  7952 | D:10     | Reached skill level 9 in Fighting
  8057 | D:10     | 8057 ||| READING scroll of enchant weapon.
  8057 | D:10     | 8057 ||| ENCHANTING +0 orcbow of flaming.
  8173 | D:10     | Found a transporter.
  8316 | D:10     | 8316 ||| PLANNING LAIR
  8316 | D:10     | 8316 ||| READING scroll labelled GIEWIXT PURGHIE.
  8317 | D:10     | 8317 ||| DRINKING 2 fizzy emerald potions.
  8333 | Lair:1   | Entered Level 1 of the Lair of Beasts
  8434 | Lair:1   | Reached **** piety under Okawaru
  8456 | Lair:1   | 8456 ||| INVOKING Heroism.
  8773 | Lair:1   | 8773 ||| INVOKING Heroism.
  8793 | Lair:1   | 8793 ||| INVOKING Heroism.
  8884 | Lair:2   | 8884 ||| INVOKING Heroism.
  8932 | Lair:2   | Noticed Nergalle
  8933 | Lair:2   | 8933 ||| INVOKING Heroism.
  8936 | Lair:2   | Noticed a seven-headed hydra
  8937 | Lair:2   | 8937 ||| RETREATING.
  8944 | Lair:2   | 8944 ||| Stepping ~*~*~tactically~*~*~ (water).
  8950 | Lair:2   | Killed Nergalle
  8952 | Lair:2   | Killed a seven-headed hydra
  8994 | Lair:2   | Reached ***** piety under Okawaru
  8995 | Lair:2   | Reached skill level 14 in Ranged Weapons
  9030 | Lair:2   | Found a hole to the Spider Nest.
  9058 | Lair:2   | 9058 ||| INVOKING Heroism.
  9066 | Lair:2   | Reached skill level 6 in Invocations
  9078 | Lair:2   | 9078 ||| INVOKING Heroism.
  9163 | Lair:2   | Found a staircase to the Swamp.
  9166 | Lair:2   | 9166 ||| INVOKING Heroism.
  9418 | Lair:2   | Noticed Sonja
  9419 | Lair:2   | 9419 ||| INVOKING Finesse.
  9423 | Lair:2   | Killed Sonja
  9424 | Lair:2   | Reached skill level 6 in Dodging
  9503 | Lair:2   | 9503 ||| INVOKING Heroism.
  9510 | Lair:2   | Reached XP level 12. HP: 76/76 MP: 14/17
  9701 | Lair:2   | 9701 ||| UPGRADING to +2 helmet of see invisible.
  9711 | Lair:2   | 9711 ||| REMOVING ring of see invisible.
  9712 | Lair:2   | 9712 ||| DROPPING +0 helmet.
  9713 | Lair:2   | 9713 ||| UPGRADING to +4 ring of protection.
  9714 | Lair:2   | 9714 ||| DROPPING ring of positive energy.
  9715 | Lair:2   | 9715 ||| DROPPING ring of see invisible.
  9716 | Lair:2   | 9716 ||| DROPPING ring of protection from cold.
  9760 | Lair:3   | Identified the +3 spear of Checks and Balances {venom, rC++
                  | Str+3}
  9773 | Lair:3   | Noticed a skyshark
  9784 | Lair:3   | Killed a skyshark
  9823 | Lair:3   | Noticed a four-headed hydra
  9824 | Lair:3   | 9824 ||| INVOKING Heroism.
  9834 | Lair:3   | Killed a four-headed hydra
  9908 | Lair:3   | 9908 ||| INVOKING Heroism.
  9966 | Lair:3   | 9966 ||| INVOKING Heroism.
 10005 | Lair:3   | 10005 ||| INVOKING Heroism.
 10008 | Lair:3   | Noticed a seven-headed hydra
 10009 | Lair:3   | 10009 ||| RETREATING.
 10049 | Lair:3   | Reached skill level 9 in Invocations
 10104 | Lair:3   | 10104 ||| INVOKING Heroism.
 10110 | Lair:3   | Killed a seven-headed hydra
 10130 | Lair:3   | Received a gift from Okawaru
 10170 | Lair:3   | 10170 ||| RETREATING.
 10176 | Lair:3   | 10176 ||| FLEEEEING.
 10177 | Lair:3   | 10177 ||| FLEEEEING.
 10178 | Lair:3   | 10178 ||| FLEEEEING.
 10179 | Lair:3   | 10179 ||| FLEEEEING.
 10180 | Lair:3   | 10180 ||| FLEEEEING.
 10181 | Lair:3   | 10181 ||| FLEEEEING.
 10182 | Lair:3   | 10182 ||| FLEEEEING.
 10183 | Lair:3   | 10183 ||| INVOKING Heroism.
 10231 | Lair:3   | 10231 ||| READING scroll of enchant weapon.
 10231 | Lair:3   | 10231 ||| ENCHANTING +1 orcbow of flaming.
 10306 | Lair:3   | 10306 ||| INVOKING Heroism.
 10337 | Lair:3   | Noticed a death yak
 10338 | Lair:3   | 10338 ||| INVOKING Heroism.
 10344 | Lair:3   | 10344 ||| INVOKING Finesse.
 10351 | Lair:3   | Killed a death yak
 10360 | Lair:3   | 10360 ||| RETREATING.
 10383 | Lair:3   | Reached skill level 15 in Ranged Weapons
 10414 | Lair:3   | 10414 ||| READING scroll of enchant weapon.
 10414 | Lair:3   | 10414 ||| ENCHANTING +2 orcbow of flaming.
 10484 | Lair:3   | 10484 ||| RETREATING.
 10495 | Lair:3   | 10495 ||| Stepping ~*~*~tactically~*~*~ (retreating).
 10496 | Lair:3   | 10496 ||| Stepping ~*~*~tactically~*~*~ (retreating).
 10497 | Lair:3   | 10497 ||| Stepping ~*~*~tactically~*~*~ (retreating).
 10498 | Lair:3   | 10498 ||| Stepping ~*~*~tactically~*~*~ (retreating).
 10499 | Lair:3   | 10499 ||| Stepping ~*~*~tactically~*~*~ (retreating).
 10503 | Lair:3   | 10503 ||| Stepping ~*~*~tactically~*~*~ (retreating).
 10504 | Lair:3   | 10504 ||| Stepping ~*~*~tactically~*~*~ (retreating).
 10505 | Lair:3   | 10505 ||| Stepping ~*~*~tactically~*~*~ (retreating).
 10506 | Lair:3   | 10506 ||| Stepping ~*~*~tactically~*~*~ (retreating).
 10511 | Lair:3   | 10511 ||| Stepping ~*~*~tactically~*~*~ (retreating).
 10512 | Lair:3   | 10512 ||| Stepping ~*~*~tactically~*~*~ (retreating).
 10513 | Lair:3   | 10513 ||| Stepping ~*~*~tactically~*~*~ (retreating).
 10531 | Lair:3   | 10531 ||| FLEEEEING.
 10532 | Lair:3   | 10532 ||| FLEEEEING.
 10533 | Lair:3   | 10533 ||| FLEEEEING.
 10534 | Lair:3   | 10534 ||| FLEEEEING.
 10546 | Lair:3   | 10546 ||| INVOKING Heroism.
 10548 | Lair:3   | Reached XP level 13. HP: 51/82 MP: 17/20
 10730 | Lair:3   | Noticed a dire elephant
 10734 | Lair:3   | 10734 ||| INVOKING Heroism.
 10753 | Lair:3   | Killed a dire elephant
 10813 | Lair:3   | Identified the +4 sling of Vaneal {freeze, Dex+4}
 10903 | Lair:3   | Reached skill level 16 in Ranged Weapons
 10966 | Lair:3   | 10966 ||| UPGRADING to +0 pair of boots of flying.
 10976 | Lair:3   | 10976 ||| DROPPING +0 pair of boots.
 10977 | Lair:3   | 10977 ||| READING scroll labelled FURIUN OTYES.
 10978 | Lair:3   | 10978 ||| READING 8 scrolls of identify.
 10978 | Lair:3   | 10978 ||| IDENTIFYING sapphire potion
 10996 | Lair:4   | 10996 ||| RETREATING.
 10998 | Lair:4   | 10998 ||| INVOKING Heroism.
 11060 | Lair:4   | 11060 ||| RETREATING.
 11063 | Lair:4   | 11063 ||| INVOKING Heroism.
 11064 | Lair:4   | 11064 ||| INVOKING Finesse.
 11099 | Lair:4   | 11099 ||| Stepping ~*~*~tactically~*~*~ (retreating).
 11100 | Lair:4   | 11100 ||| Stepping ~*~*~tactically~*~*~ (retreating).
 11100 | Lair:4   | HP: 14/82 [death yak (13)]
 11101 | Lair:4   | 11101 ||| READING 8 scrolls of teleportation.
 11102 | Lair:4   | 11102 ||| DRINKING 4 potions of heal wounds.
 11103 | Lair:4   | 11103 ||| Stepping ~*~*~tactically~*~*~ (retreating).
 11125 | Lair:4   | 11125 ||| RETREATING.
 11129 | Lair:4   | 11129 ||| Stepping ~*~*~tactically~*~*~ (retreating).
 11130 | Lair:4   | 11130 ||| Stepping ~*~*~tactically~*~*~ (retreating).
 11131 | Lair:4   | 11131 ||| Stepping ~*~*~tactically~*~*~ (retreating).
 11132 | Lair:4   | 11132 ||| Stepping ~*~*~tactically~*~*~ (retreating).
 11133 | Lair:4   | 11133 ||| Stepping ~*~*~tactically~*~*~ (retreating).
 11134 | Lair:4   | 11134 ||| Stepping ~*~*~tactically~*~*~ (retreating).
 11135 | Lair:4   | 11135 ||| Stepping ~*~*~tactically~*~*~ (retreating).
 11136 | Lair:4   | 11136 ||| Stepping ~*~*~tactically~*~*~ (retreating).
 11168 | Lair:4   | 11168 ||| INVOKING Heroism.
 11196 | Lair:4   | 11196 ||| Stepping ~*~*~tactically~*~*~ (retreating).
 11197 | Lair:4   | 11197 ||| Stepping ~*~*~tactically~*~*~ (retreating).
 11198 | Lair:4   | 11198 ||| INVOKING Finesse.
 11199 | Lair:4   | 11199 ||| Stepping ~*~*~tactically~*~*~ (retreating).
 11200 | Lair:4   | 11200 ||| Stepping ~*~*~tactically~*~*~ (retreating).
 11221 | Lair:4   | Identified the +0 crystal plate armour of Articulation
                  | {rPois rF+ Str+2 Dex+4} (Okawaru gifted it to you on level
                  | 4 of the Lair of Beasts)
 11221 | Lair:4   | Received a gift from Okawaru
 11233 | Lair:4   | Reached skill level 12 in Fighting
 11235 | Lair:4   | 11235 ||| INVOKING Heroism.
 11238 | Lair:4   | 11238 ||| INVOKING Finesse.
 11431 | Lair:4   | 11431 ||| INVOKING Heroism.
 11588 | Lair:4   | 11588 ||| INVOKING Heroism.
 11645 | Lair:4   | 11645 ||| INVOKING Heroism.
 11670 | Lair:4   | 11670 ||| RETREATING.
 11681 | Lair:4   | 11681 ||| Stepping ~*~*~tactically~*~*~ (retreating).
 11682 | Lair:4   | 11682 ||| Stepping ~*~*~tactically~*~*~ (retreating).
 11684 | Lair:4   | Reached skill level 6 in Armour
 11686 | Lair:4   | 11686 ||| Stepping ~*~*~tactically~*~*~ (retreating).
 11694 | Lair:4   | Gained mutation: Your large and strong wings let you fly.
                  | [Gargoyle growth]
 11694 | Lair:4   | Reached XP level 14. HP: 88/92 MP: 21/21
 11922 | Lair:4   | Found a runed translucent door.
 12124 | Lair:5   | Entered Level 5 of the Lair of Beasts
 12151 | Lair:5   | 12151 ||| RETREATING.
 12152 | Lair:5   | 12152 ||| Stepping ~*~*~tactically~*~*~ (retreating).
 12154 | Lair:5   | 12154 ||| Stepping ~*~*~tactically~*~*~ (retreating).
 12212 | Lair:5   | 12212 ||| INVOKING Heroism.
 12237 | Lair:5   | 12237 ||| INVOKING Finesse.
 12263 | Lair:5   | Reached skill level 9 in Dodging
 12334 | Lair:5   | 12334 ||| RETREATING.
 12335 | Lair:5   | 12335 ||| INVOKING Heroism.
 12353 | Lair:5   | 12353 ||| INVOKING Finesse.
 12510 | Lair:5   | 12510 ||| INVOKING Heroism.
 12691 | Lair:5   | 12691 ||| RETREATING.
 12892 | Lair:5   | 12892 ||| INVOKING Heroism.
 12972 | Lair:5   | 12972 ||| INVOKING Heroism.
 13056 | Lair:5   | 13056 ||| INVOKING Heroism.
 13106 | Lair:5   | Found a staircase to the Slime Pits.
 13226 | Lair:5   | 13226 ||| Stepping ~*~*~tactically~*~*~ (outnumbered).
 13227 | Lair:5   | 13227 ||| INVOKING Heroism.
 13233 | Lair:5   | 13233 ||| Stepping ~*~*~tactically~*~*~ (retreating).
 13372 | Lair:5   | 13372 ||| PLANNING D:1-11
 13372 | Lair:5   | 13372 ||| UPGRADING to +0 pair of gloves.
 13377 | Lair:5   | 13377 ||| DROPPING ring of ice.
 13378 | Lair:5   | 13378 ||| DROPPING ring of resist corrosion.
 13379 | Lair:5   | 13379 ||| READING scroll labelled KITOC AMNAR.
 13478 | D:11     | Noticed a stone giant
 13479 | D:11     | 13479 ||| RETREATING.
 13503 | D:11     | 13503 ||| INVOKING Heroism.
 13506 | D:11     | 13506 ||| Stepping ~*~*~tactically~*~*~ (retreating).
 13507 | D:11     | 13507 ||| Stepping ~*~*~tactically~*~*~ (retreating).
 13508 | D:11     | 13508 ||| Stepping ~*~*~tactically~*~*~ (retreating).
 13509 | D:11     | 13509 ||| RETREATING.
 13511 | D:11     | HP: 13/96 [stone giant/large rock (36)]
 13512 | D:11     | 13512 ||| READING 7 scrolls of teleportation.
 13513 | D:11     | 13513 ||| DRINKING 6 potions of heal wounds.
 13514 | D:11     | 13514 ||| Stepping ~*~*~tactically~*~*~ (retreating).
 13515 | D:11     | 13515 ||| Stepping ~*~*~tactically~*~*~ (retreating).
 13516 | D:11     | 13516 ||| Stepping ~*~*~tactically~*~*~ (retreating).
 13600 | D:11     | 13600 ||| INVOKING Heroism.
 13914 | D:11     | 13914 ||| INVOKING Heroism.
 13928 | D:11     | Killed a stone giant
 13981 | D:11     | Found the +6 shillelagh "Devastator" {shatter}
 14100 | D:11     | 14100 ||| INVOKING Heroism.
 14175 | D:11     | 14175 ||| PLANNING D
 14175 | D:11     | 14175 ||| UPGRADING to +1 pair of boots.
 14185 | D:11     | 14185 ||| DROPPING +0 pair of boots of flying.
 14441 | D:12     | 14441 ||| READING 11 scrolls of identify.
 14441 | D:12     | 14441 ||| IDENTIFYING bubbling blue potion
 14444 | D:12     | Found a bloodstained altar of Trog.
 14577 | D:12     | 14577 ||| RETREATING.
 14601 | D:12     | Reached XP level 15. HP: 95/101 MP: 22/22
 14937 | D:11     | 14937 ||| PLANNING D:1-11
 14937 | D:11     | 14937 ||| PLANNING D
 15056 | D:12     | Noticed a tengu reaver
 15057 | D:12     | 15057 ||| INVOKING Heroism.
 15076 | D:12     | Killed a tengu reaver
 15135 | D:13     | 15135 ||| RETREATING.
 15135 | D:13     | Found Xunen's General Store.
 15137 | D:13     | 15137 ||| Stepping ~*~*~tactically~*~*~ (retreating).
 15152 | D:13     | 15152 ||| INVOKING Heroism.
 15154 | D:13     | Reached skill level 15 in Fighting
 15213 | D:13     | 15213 ||| BUYING potion of haste (160 gold).
 15213 | D:13     | Bought a potion of haste for 160 gold pieces
 15333 | D:13     | 15333 ||| Stepping ~*~*~tactically~*~*~ (outnumbered).
 15335 | D:13     | 15335 ||| Stepping ~*~*~tactically~*~*~ (outnumbered).
 15336 | D:13     | 15336 ||| Stepping ~*~*~tactically~*~*~ (outnumbered).
 15418 | D:13     | 15418 ||| RETREATING.
 15419 | D:13     | 15419 ||| Stepping ~*~*~tactically~*~*~ (outnumbered).
 15420 | D:13     | 15420 ||| INVOKING Heroism.
 15422 | D:13     | 15422 ||| Stepping ~*~*~tactically~*~*~ (retreating).
 15423 | D:13     | 15423 ||| Stepping ~*~*~tactically~*~*~ (retreating).
 15424 | D:13     | 15424 ||| Stepping ~*~*~tactically~*~*~ (retreating).
 15425 | D:13     | 15425 ||| Stepping ~*~*~tactically~*~*~ (retreating).
 15426 | D:13     | 15426 ||| Stepping ~*~*~tactically~*~*~ (retreating).
 15427 | D:13     | HP: 13/103 [meliai/divine providence (17)]
 15428 | D:13     | 15428 ||| READING 7 scrolls of teleportation.
 15428 | D:13     | HP: 4/103 [meliai/divine providence (10)]
 15428 | D:13     | Killed from afar by a meliai

Levels and vault maps discovered:
D:1:      psy_arrival_conway, layout_loops_ring,
          hellmonk_ecumenical_altar_heavens_door, chequers_mini_garden
D:2:      layout_basic
D:3:      layout_rooms, serial_shops, nicolae_shop_window_shopping, uniq_robin,
          uniq_sigmund
D:4:      layout_basic, mainiacjoe_overflow_brackets, general_overflow_altar,
          mainiacjoe_overflow_small_starburst, minivault_24
D:5:      layout_basic
D:6:      layout_loops_ring, nicolae_gozag_cash_rules_everything_around_me,
          lemuel_round_altar, pdpol_wu_jian_five_deadly_venoms,
          minmay_temple_entry_mini_moons
D:7:      layout_loops_cross, mainiacjoe_overflow_24_doors
D:8:      layout_layer_cave, mainiacjoe_overflow_catwalk,
          nicolae_uskayaw_dance_studio
D:9:      layout_loops_ring, good_gods_mini_temple,
          nicolae_qazlal_scattered_showers, nicolae_dithmenos_shadow_blocks,
          orc_0_dummy
D:10:     layout_loops_cross, yredelemnul_altar_generic,
          nicolae_overflow_crystal_walls, minmay_lair_entry_grove,
          gammafunk_ghost_smash
D:11:     minmay_roctagon, layout_basic
D:12:     kennysheep_funnel, layout_long_grid, tgw_trog
D:13:     layout_stronghold, david_vaults_2, serial_shops,
          nicolae_shop_tiny_glass, serial_park_tiny_2, uniq_kirke
Lair:1:   layout_concentric_octagons
Lair:2:   layout_gridlike, swamp_mist_pool, spider_nest_entry_web_field,
          infiniplex_staircase_pool_2, grunt_megastairs_4, uniq_nergalle,
          uniq_sonja
Lair:3:   mu_elephants_graveyard, layout_regular_city, serial_bayou_pond_b
Lair:4:   layout_loops_ring, minivault_27, pf_torpor_hydra, grunt_megastairs_3
Lair:5:   grunt_lair_end_beastmaster, layout_cellular_growth,
          dpeg_slime_entry_enclosed, gammafunk_lair_bear_cave,
          grunt_megastairs_2

Skill      XL: |  1  2  3  4  5  6  7  8  9 10 11 12 13 14 15 |
---------------+----------------------------------------------+-----
Ranged Weapons | 5 6 8 9 10 13 14 15 16 | 16.0
Fighting       | 3 5 6 7 8 9 10 12 14 15 | 15.0
Dodging        | 2 3 4 5 6 8 10 | 10.0
Armour         | 1 2 3 4 6 8 |  8.9
Invocations    | 4 7 10 | 10.0
Stealth        | |  1.1

Action                     |  1- 3 |  4- 6 |  7- 9 | 10-12 | 13-15 || total
---------------------------+-------+-------+-------+-------+-------++-------
   Fire: Shortbow          |    92 |   139 |   473 |   236 |       ||   940
         Orcbow            |       |       |       |   403 |   822 ||  1225
 Invoke: Heroism           |       |       |     6 |    23 |    22 ||    51
         Finesse           |       |       |       |     2 |     5 ||     7
    Use: Scroll            |     7 |     5 |     4 |     4 |     7 ||    27
         Potion            |     1 |       |     1 |     1 |     2 ||     5
 Armour: Leather armour    |    16 |    35 |       |       |       ||    51
         Ring mail         |       |    14 |    78 |       |       ||    92
         Robe              |       |       |    59 |       |       ||    59
         Steam dragon scal |       |       |    23 |   154 |   204 ||   381
  Dodge: Dodged            |    19 |    38 |   158 |   183 |   322 ||   720

Table legend:
 A = Non-vault XP
 B = Vault XP
 C = Vault XP percentage of total XP
 D = Non-vault monster count
 E = Vault monster count
 F = Vault count percentage of total count
                 A         B        C        D         E       F
            +---------+---------+-------+---------+---------+-------
      Total |   62128 |   31260 |  33.5 |     353 |      93 |  20.9
            +---------+---------+-------+---------+---------+-------
        D:1 |      27 |       0 |   0.0 |      18 |       0 |   0.0
        D:2 |      42 |       0 |   0.0 |      11 |       0 |   0.0
        D:3 |     158 |     286 |  64.4 |      23 |      14 |  37.8
        D:4 |     256 |       0 |   0.0 |      22 |       0 |   0.0
        D:5 |     449 |       0 |   0.0 |      17 |       0 |   0.0
        D:6 |     804 |       0 |   0.0 |      18 |       0 |   0.0
        D:7 |     589 |       0 |   0.0 |      17 |       0 |   0.0
        D:8 |     924 |     107 |  10.4 |      24 |       8 |  25.0
        D:9 |     608 |       0 |   0.0 |       9 |       0 |   0.0
       D:10 |    3573 |    2217 |  38.3 |      31 |      13 |  29.5
       D:11 |    2990 |    4924 |  62.2 |       9 |       7 |  43.8
       D:12 |    5203 |    1445 |  21.7 |      24 |       1 |   4.0
       D:13 |    4626 |       0 |   0.0 |      14 |       0 |   0.0
     Lair:1 |    2162 |       0 |   0.0 |      10 |       0 |   0.0
     Lair:2 |    3617 |    2920 |  44.7 |      12 |       6 |  33.3
     Lair:3 |    7006 |    8409 |  54.6 |      23 |      19 |  45.2
     Lair:4 |   20412 |     589 |   2.8 |      46 |       2 |   4.2
     Lair:5 |    8682 |   10363 |  54.4 |      25 |      23 |  47.9
            +---------+---------+-------+---------+---------+-------
